 Dungeon Crawl Stone Soup version 0.30-a0-330-g8f2769a82d (webtiles) character file.

Game seed: 4828284171114926448

13834 Devinter the Cleaver (level 12, -9/101 HPs)
             Began as a Hill Orc Monk on Oct 28, 2022.
             Was an Elder of Qazlal.
             Mangled by a skeletal warrior
             ... wielding a +0 long sword
              (15 damage)
             ... on level 12 of the Dungeon on Oct 29, 2022.
             The game lasted 01:06:08 (10566 turns).

Devinter the Cleaver (Hill Orc Monk)               Turns: 10566, Time: 01:06:09

Health: -9/101     AC: 15    Str: 29    XL:     12   Next: 10%
Magic:  19/19      EV: 12    Int: 10    God:    Qazlal [****..]
Gold:   736        SH:  5    Dex: 17    Spells: 18/21 levels left

rFire   . . .      SeeInvis .    m - +5 hand axe
rCold   . . .      Faith    .    (no shield)
rNeg    . . .      Spirit   .    L - +0 ring mail "Xepruot" {Dex+2}
rPois   .          Reflect  .    D - +0 helmet
rElec   .          Harm     .    r - +2 cloak
rCorr   .          Rampage  .    G - +2 pair of gloves
Will    .....                    V - +0 pair of boots
Stlth   +.........               Q - amulet of regeneration
HPRegen 1.16/turn                B - +6 ring of strength
MPRegen 0.16/turn                A - +6 ring of strength

@: wereblooded, studying 2 skills, repel missiles
A: no striking features
a: Renounce Religion, Upheaval, Elemental Force


You were on level 12 of the Dungeon.
You worshipped Qazlal.
Qazlal was greatly pleased with you.
You visited 2 branches of the dungeon, and saw 13 of its levels.
You also visited: Bailey.

You collected 1079 gold pieces.
You spent 343 gold pieces at shops.

Inventory:

Hand Weapons
 m - a +5 hand axe (weapon)
 t - a +2 dagger of electrocution
 u - a +1 dagger of speed
Missiles
 f - 2 boomerangs of dispersal
 l - 33 poisoned darts (quivered)
 v - 17 boomerangs
 y - 10 atropa-tipped darts
 I - 13 curare-tipped darts
 O - a throwing net
Armour
 r - a +2 cloak (worn)
 D - a +0 helmet (worn)
 G - a +2 pair of gloves (worn)
 L - the +0 ring mail "Xepruot" (worn) {Dex+2}
   (You found it on level 6 of the Dungeon)

   Dex:       It affects your dexterity (+2).
 V - a +0 pair of boots (worn)
Jewellery
 p - a ring of see invisible
 A - a +6 ring of strength (right hand)
 B - a +6 ring of strength (left hand)
 Q - an amulet of regeneration (around neck)
 T - a +4 ring of evasion
Wands
 a - a wand of charming (4)
 b - a wand of quicksilver (5)
 F - a wand of flame (17)
 H - a wand of roots (7)
 J - a wand of polymorph (11)
Scrolls
 d - a scroll of vulnerability
 g - 3 scrolls of fear
 h - a scroll of butterflies
 i - 3 scrolls of enchant armour
 k - a scroll of poison
 n - 2 scrolls of silence
 o - a scroll of blinking
 q - 2 scrolls of identify
 s - a scroll of teleportation
 z - a scroll of enchant weapon
 P - 2 scrolls of torment {unknown}
 X - 2 scrolls of magic mapping
Potions
 c - 3 potions of ambrosia
 e - 2 potions of resistance
 j - a potion of haste
 w - 3 potions of berserk rage
 x - a potion of magic
 C - 5 potions of curing
 E - a potion of might
 K - 5 potions of mutation
 M - 4 potions of heal wounds
 N - a potion of attraction
 R - 2 potions of invisibility
 S - 2 potions of lignification
 U - 2 potions of brilliance
 W - 2 potions of degeneration {unknown}
Miscellaneous
 Y - a tin of tremorstones (2/2)
 Z - a phantom mirror


   Skills:
 - Level 8.0 Fighting
 + Level 14.3 Axes
 + Level 7.1 Armour
 - Level 3.0 Dodging
 - Level 2.0 Stealth
 - Level 5.0 Spellcasting
 - Level 5.0 Transmutations
 + Level 7.7 Poison Magic
 + Level 8.7 Invocations


You had 18 spell levels left.
You knew the following spells:

 Your Spells              Type           Power      Damage    Failure   Level
a - Sting                 Tmut/Pois      60%        1d6       2%          1
b - Wereblood             Tmut           12%        N/A       6%          2

Your spell library contained the following spells:

 Spells                   Type           Power      Damage    Failure   Level
 Beastly Appendage        Tmut           24%        N/A       4%          1
 Spider Form              Tmut/Pois      15%        N/A       7%          3
 Passwall                 Tmut/Erth      5%         N/A       17%         2
 Sandblast                Erth           4%         2d4       30%         1
 Gell's Gravitas          Tloc           2%         N/A       67%         3
 Lesser Beckoning         Tloc           4%         N/A       67%         3
 Ozocubu's Armour         Ice            2%         N/A       67%         3
 Stone Arrow              Conj/Erth      4%         3d7       67%         3
 Teleport Other           Tloc           2%         N/A       67%         3
 Leda's Liquefaction      Hex/Erth       1%         N/A       97%         4
 Lee's Rapid Deconstruct  Erth           1%         3d4*      100%        5
 Metabolic Englaciation   Hex/Ice        1%         N/A       100%        5
 Simulacrum               Ice/Necr       1%         N/A       100%        6
 Statue Form              Tmut/Erth      4%         N/A       100%        6


Dungeon Overview and Level Annotations

Branches:
Dungeon (12/15)            Temple (1/1) D:7            Lair (0/5) D:9
    Orc (0/2) D:9          Bailey (visited)

Altars:
Ashenzari
Cheibriados
Dithmenos
Elyvilon
Fedhas
Gozag
Hepliaklqana
Kikubaaqudgha
Makhleb
Nemelex Xobeh
Okawaru
Qazlal
Ru
Sif Muna
Trog
Uskayaw
Vehumet
Wu Jian
Xom
Yredelemnul
Zin
The Shining One
Beogh

Shops:
D:6 !*   D:8 *


Message History

You hit the troll. You slash the yak!
You feel a bit better.
You kill the yak!
Qazlal accepts your kill.
You hit the yak. You closely miss the skeletal warrior. You slash the cyclops!
You hit the skeletal warrior. You slash the skeletal warrior!
You howl as the wereblood boils in your veins!
The cyclops hits you!!
You completely miss the cyclops.
The cyclops is severely wounded.
You slash the yak! You slash the skeletal warrior!
You hit the skeletal warrior.
You hit the skeletal warrior but do no damage.
You slash the troll!
The skeletal warrior hits you with a +0 long sword!!
* * * LOW HITPOINT WARNING * * *
The skeletal warrior barely misses you.
The skeletal warrior is engulfed in freezing vapours.
The skeletal warrior hits you with a +0 short sword!
* * * LOW HITPOINT WARNING * * *
The yak barely misses you. The troll closely misses you. x3
You slash the cyclops!
The cyclops is almost dead.
You hit the yak.
You hit the skeletal warrior but do no damage. x3
You hit the troll but do no damage. The cyclops barely misses you.
You slash the cyclops!
You feel a bit better.
You kill the cyclops!
Qazlal accepts your kill.
You slash the troll! You barely miss the yak. You slash the skeletal warrior!
You barely miss the skeletal warrior. You slash the skeletal warrior!
You howl as the wereblood boils in your veins!
The skeletal warrior hits you with a +0 morningstar!
* * * LOW HITPOINT WARNING * * *
The skeletal warrior is engulfed in freezing vapours.
You block the skeletal warrior's attack.
The troll barely misses you. The troll claws you but does no damage.
The troll claws you!
* * * LOW HITPOINT WARNING * * *
The skeletal warrior hits you with a +0 long sword!
You die...

. .. #. #.#
##.#########..#.
................
................
...#..○..○.....#
......)(☼)Y.....
#.°z@Y§.$..#
?......zTz○....#
.....[..........
................
.....##..##.....
..... #... ..#.#
.... #... ...#
.... ..... ...


You could see 3 skeletal warriors, 2 yaks and a troll.

Vanquished Creatures
  5 two-headed ogres
  2 cyclopes
  A gargoyle (D:11)
  A komodo dragon (D:9)
  3 trolls
  A hornet (D:8)
  Grinder (D:5)
  10 yaks
  A shadow (D:11)
  A vampire (D:11)
  Eustachio (D:5)
  Grum (D:8)
  2 steam dragons
  7 vampire mosquitoes (D:11)
  The ghost of Angani the Shield-Bearer, an amateur OpFi of Hepliaklqana (D:4)
  2 acid dragons (D:11)
  3 water moccasins
  5 orc warriors
  A sky beast (D:7)
  3 ogres (D:6)
  3 wolves (D:8)
  7 centaurs
  2 phantoms (D:5)
  7 kobold brigands (Bailey)
  A bullfrog (D:6)
  A necrophage (D:11)
  A gnoll sergeant (D:10)
  5 scorpions
  5 wights (D:7)
  22 killer bees
  2 howler monkeys
  A crimson imp (D:11)
  3 jellies
  3 hounds
  9 orc priests
  6 iguanas
  9 orc wizards
  5 adders
  12 gnolls
  2 shadow imps
  A white imp (D:6)
  An ufetubus (D:5)
  2 worms (D:2)
  44 orcs
  6 endoplasms
  A giant cockroach (D:2)
  4 goblins
  6 hobgoblins
  10 jackals
  4 quokkas
  9 ball pythons
  6 bats
  A frilled lizard (D:2)
  14 kobolds
  5 rats
272 creatures vanquished.

Vanquished Creatures (others)
  An orc wizard (D:12)
  A fungus (D:2)
  4 plants (D:9)
6 creatures vanquished.

Grand Total: 278 creatures vanquished

Notes
Turn   | Place    | Note
-------+----------+-------------------------------------------
     0 | D:1      | Devinter the Hill Orc Monk began the quest for the Orb.
     0 | D:1      | Reached XP level 1. HP: 19/19 MP: 1/1
   141 | D:1      | Reached XP level 2. HP: 15/27 MP: 2/2
   553 | D:1      | Reached skill level 4 in Fighting
   606 | D:1      | Reached skill level 2 in Stealth
   933 | D:2      | Reached XP level 3. HP: 25/33 MP: 3/3
  1413 | D:2      | Found a faded altar of an unknown god.
  1423 | D:2      | Got Plato's Handbook of Putrescence
  1515 | D:2      | Reached XP level 4. HP: 39/41 MP: 4/4
  1870 | D:3      | Reached skill level 3 in Dodging
  2038 | D:3      | Reached skill level 5 in Axes
  2155 | D:3      | Upgraded the game from 0.30-a0-325-gb515db48ae to
                  | 0.30-a0-330-g8f2769a82d
  2338 | D:3      | Reached skill level 5 in Fighting
  2616 | D:3      | Reached skill level 1 in Armour
  2616 | D:3      | Reached XP level 5. HP: 46/48 MP: 5/5
  2631 | D:3      | HP: 3/48 [orc/+0 club (2)]
  3095 | D:4      | Reached skill level 2 in Armour
  3099 | D:4      | Reached skill level 6 in Axes
  3122 | D:4      | Reached XP level 6. HP: 56/56 MP: 6/6
  3199 | D:4      | Reached skill level 7 in Axes
  3257 | D:4      | Found a runed translucent gate.
  3257 | D:4      | Found a runed translucent gate.
  3257 | D:4      | Found a runed translucent gate.
  3269 | D:4      | Noticed Angani's ghost (amateur OpFi)
  3281 | D:4      | Killed Angani's ghost
  3282 | D:4      | Reached skill level 8 in Axes
  3456 | D:5      | Entered Level 5 of the Dungeon
  3462 | D:5      | Reached XP level 7. HP: 61/61 MP: 7/7
  3531 | D:5      | Noticed Grinder
  3559 | D:5      | Found a hide-covered altar of Uskayaw.
  3648 | D:5      | Reached skill level 3 in Armour
  3813 | D:5      | Noticed Eustachio
  3820 | D:5      | Paralysed by Grinder for 2 turns
  3832 | D:5      | Paralysed by Grinder for 3 turns
  3840 | D:5      | Killed Grinder
  3841 | D:5      | Reached skill level 6 in Fighting
  3841 | D:5      | Reached skill level 9 in Axes
  3841 | D:5      | Reached skill level 4 in Armour
  3841 | D:5      | Reached XP level 8. HP: 56/71 MP: 8/8
  3984 | D:5      | Reached skill level 7 in Fighting
  4008 | D:5      | Killed Eustachio
  4009 | D:5      | Reached skill level 10 in Axes
  4373 | D:6      | Reached skill level 8 in Fighting
  4373 | D:6      | Reached skill level 5 in Armour
  4559 | D:6      | Reached XP level 9. HP: 80/81 MP: 9/9
  4564 | D:6      | Identified the +0 ring mail "Xepruot" {Dex+2}
  4594 | D:6      | Found Xeset's General Store.
  4600 | D:6      | Bought a potion of berserk rage for 55 gold pieces
  4745 | D:6      | Reached skill level 11 in Axes
  4907 | D:6      | Found Kyolyuph's Distillery.
  5007 | D:6      | Bought a potion of heal wounds for 60 gold pieces
  5007 | D:6      | Bought a potion of mutation for 96 gold pieces
  5007 | D:6      | Bought a potion of attraction for 36 gold pieces
  5007 | D:6      | Bought a potion of curing for 36 gold pieces
  5039 | D:6      | Reached skill level 12 in Axes
  5638 | D:7      | Reached skill level 1 in Poison Magic
  5660 | D:7      | Reached skill level 1 in Transmutations
  5718 | D:7      | Reached skill level 1 in Spellcasting
  5749 | D:7      | Reached skill level 2 in Poison Magic
  5815 | D:7      | Found a staircase to the Ecumenical Temple.
  5822 | Temple   | Entered the Ecumenical Temple
  6009 | Temple   | Became a worshipper of Qazlal Stormbringer
  6009 | Temple   | Reached * piety under Qazlal
  6009 | Temple   | Reached ** piety under Qazlal
  6050 | D:7      | Reached skill level 2 in Spellcasting
  6050 | D:7      | Reached skill level 2 in Transmutations
  6050 | D:7      | Reached skill level 1 in Invocations
  6052 | D:7      | Learned a level 1 spell: Sting
  6063 | D:7      | Reached skill level 2 in Invocations
  6078 | D:7      | Reached skill level 3 in Invocations
  6159 | D:7      | Learned a level 2 spell: Wereblood
  6492 | D:8      | Noticed a hornet
  6501 | D:8      | Paralysed by a hornet for 2 turns
  6507 | D:8      | Paralysed by a hornet for 3 turns
  6516 | D:8      | Killed a hornet
  6517 | D:8      | Reached skill level 4 in Invocations
  6517 | D:8      | Reached XP level 10. HP: 43/88 MP: 13/13
  6617 | D:8      | Identified 2 scrolls of acquirement
  6617 | D:8      | Acquired a manual of Poison Magic
  6619 | D:8      | Acquired a manual of Fire Magic
  6773 | D:8      | Found a flagged portal.
  6786 | Bailey   | Entered a bailey
  6820 | Bailey   | Reached skill level 5 in Invocations
  6927 | Bailey   | Reached skill level 3 in Spellcasting
  6927 | Bailey   | Reached skill level 3 in Transmutations
  6927 | Bailey   | Reached skill level 3 in Poison Magic
  6938 | Bailey   | Found a bloodstained altar of Trog.
  7122 | D:8      | Noticed Grum
  7135 | D:8      | Killed Grum
  7140 | D:8      | Reached *** piety under Qazlal
  7163 | D:8      | Found a burning altar of Makhleb.
  7164 | D:8      | Found a sacrificial altar of Ru.
  7174 | D:8      | Reached skill level 4 in Poison Magic
  7184 | D:8      | Reached skill level 6 in Invocations
  7469 | D:8      | Found Dodic's CLEARANCE SALE!.
  7480 | D:8      | Bought a wand of roots (5) for 48 gold pieces
  7480 | D:8      | Bought a potion of curing for 12 gold pieces
  7706 | D:9      | Noticed a two-headed ogre
  7718 | D:9      | Killed a two-headed ogre
  7719 | D:9      | Reached skill level 13 in Axes
  7835 | D:9      | Reached skill level 5 in Poison Magic
  7883 | D:9      | Found a staircase to the Orcish Mines.
  7902 | D:9      | Found a roughly hewn altar of Beogh.
  7913 | D:9      | Reached XP level 11. HP: 81/94 MP: 13/16
  8002 | D:9      | Reached skill level 4 in Spellcasting
  8066 | D:9      | Found a staircase to the Lair.
  8090 | D:9      | Reached skill level 4 in Transmutations
  8207 | D:9      | Reached skill level 7 in Invocations
  8298 | D:9      | Found an opulent altar of Gozag.
  8298 | D:9      | Found an ornate altar of the Wu Jian Council.
  8322 | D:9      | Noticed a two-headed ogre
  8337 | D:9      | Killed a two-headed ogre
  8455 | D:10     | Entered Level 10 of the Dungeon
  8476 | D:10     | Noticed a two-headed ogre
  8486 | D:10     | Killed a two-headed ogre
  8487 | D:10     | Reached skill level 6 in Poison Magic
  8546 | D:10     | Noticed a two-headed ogre
  8564 | D:10     | Killed a two-headed ogre
  8565 | D:10     | Reached skill level 6 in Armour
  8591 | D:10     | Reached **** piety under Qazlal
  9195 | D:10     | Noticed a two-headed ogre
  9204 | D:10     | Killed a two-headed ogre
  9850 | D:11     | Reached skill level 8 in Invocations
  9915 | D:11     | Reached skill level 7 in Poison Magic
  9945 | D:11     | Reached skill level 14 in Axes
 10330 | D:11     | Noticed a cyclops
 10365 | D:11     | Killed a cyclops
 10366 | D:11     | Reached skill level 5 in Transmutations
 10366 | D:11     | Reached XP level 12. HP: 82/101 MP: 19/19
 10551 | D:12     | Reached skill level 5 in Spellcasting
 10552 | D:12     | Reached skill level 7 in Armour
 10566 | D:12     | HP: 6/101 [troll (10)]
 10566 | D:12     | Mangled by a skeletal warrior

Illustrated notes

Levels and vault maps discovered:
D:1:      co_arrival_random_square_maze, layout_basic
D:2:      layout_loops_ring, shapermc_ecumenical_altar_rom_forum
D:3:      layout_basic
D:4:      layout_rooms, ebering_ghost_rock_garden
D:5:      layout_rooms, nicolae_uskayaw_murder_on_the_dancefloor, uniq_grinder,
          uniq_eustachio
D:6:      layout_gridville, serial_shops,
          nicolae_shop_temple_entry_statues_fountains, nicolae_shop_statue_plus,
          hangedman_minor_gate_pass
D:7:      layout_cave_pods, minmay_temple_entry_arrows
D:8:      layout_basic, gammafunk_temple_overflow_pools, enter_bailey_4,
          nicolae_shop_clearance, uniq_grum
D:9:      layout_irregular_city, amethyst_overflow_temple_binary,
          david_lair_shrubbed, minmay_orc_entry_temple_small
D:10:     layout_grid_maze
D:11:     layout_long_grid, roderic_serpentine_path, hangedman_stone_soup
D:12:     layout_rooms, nicolae_yredelemnul_corpse_copse
Temple:   bh_familiar_temple

Skill      XL: |  1  2  3  4  5  6  7  8  9 10 11 12 |
---------------+-------------------------------------+-----
Fighting       | 4 5 6 8 |  8.0
Stealth        | 2 |  2.0
Dodging        | 3 |  3.0
Axes           | 5 6 8 9 10 12 13 14 | 14.3
Armour         | 1 2 4 5 6 7 |  7.1
Poison Magic   | 2 5 7 |  7.7
Transmutations | 2 3 5 |  5.0
Spellcasting   | 2 3 4 5 |  5.0
Invocations    | 4 6 8 |  8.7

Action                   |  1- 3 |  4- 6 |  7- 9 | 10-12 || total
-------------------------+-------+-------+-------+-------++-------
Melee: Hand axe          |   160 |   200 |   262 |   429 ||  1051
       Punch             |       |     1 |     2 |     4 ||     7
Throw: Boomerang         |       |       |    69 |       ||    69
       Dart              |       |       |       |    28 ||    28
 Cast: Sting             |       |       |     1 |     8 ||     9
       Wereblood         |       |       |       |    16 ||    16
  Use: Potion            |       |     2 |       |     1 ||     3
       Scroll            |       |       |       |    20 ||    20
 Stab: Sleeping          |     6 |     1 |       |       ||     7
Armor: Robe              |    32 |       |       |       ||    32
       Ring mail         |       |    56 |    81 |   157 ||   294
       Leather armour    |       |    19 |       |       ||    19
Dodge: Dodged            |    97 |   112 |   109 |   209 ||   527
       Repelled          |       |       |       |     2 ||     2
Block: Other             |       |       |     4 |    75 ||    79

Table legend: (Time is in decaauts)
 A = Elapsed time spent in this place.
 B = Non-inter-level travel time spent in this place.
 C = Inter-level travel time spent in this place.
 D = Time resting spent in this place.
 E = Time spent auto-exploring this place.
 F = Levels seen in this place.
 G = Mean time per level.
                   A        B        C        D        E       F      G
               +--------+--------+--------+--------+--------+-----+--------+
         Total |  10414 |  10056 |    358 |    995 |   3270 |  14 |  743.9 |
       Dungeon |  10019 |   9699 |    320 |    995 |   3270 |  12 |  834.9 |
        Temple |    194 |    156 |     38 |      0 |      0 |   1 |  194.0 |
        Bailey |    200 |    200 |      0 |      0 |      0 |   1 |  200.0 |
               +--------+--------+--------+--------+--------+-----+--------+

Top non-repeatable levels by time:
     D:3: 1269 daAuts
     D:6: 1256 daAuts
    D:10: 1074 daAuts
     D:8: 964 daAuts
    D:11: 934 daAuts
     D:1: 930 daAuts
     D:2: 865 daAuts
     D:5: 770 daAuts
     D:7: 769 daAuts
     D:9: 751 daAuts
     D:4: 414 daAuts
  Bailey: 200 daAuts
  Temple: 194 daAuts
    D:12: 17 daAuts
